 Dungeon Crawl Stone Soup version 0.22-a0-775-ga7d80019b5 (webtiles) character file.

1171 Mirvelgyr the Cleaver (level 8, -20/68 HPs)
             Began as a Minotaur Berserker on July 18, 2018.
             Was a Priest of Trog.
             Demolished by an ogre
             ... wielding a +0 giant spiked club
              (22 damage)
             ... on level 6 of the Dungeon.
             The game lasted 00:06:04 (4693 turns).

Mirvelgyr the Cleaver (Minotaur Berserker)          Turns: 4693, Time: 00:06:04

Health: -20/68     AC: 10    Str: 29    XL:     8   Next: 18%
Magic:  7/7        EV: 10    Int:  4    God:    Trog [***...]
Gold:   278        SH:  0    Dex: 10    Spells: 7/7 levels left

rFire    . . .     SeeInvis .   t - +1 war axe
rCold    . . .     Gourm    .   (no shield)
rNeg     . . .     Faith    .   v - +0 chain mail
rPois    .         Spirit   .   (helmet restricted)
rElec    .         Reflect  .   (no cloak)
rCorr    .         Harm     .   p - +0 pair of gloves
MR       .....                  (no boots)
Stlth    ..........             (no amulet)
HPRegen  0.21/turn              o - +5 ring of strength
MPRegen  0.10/turn              q - ring of flight

@: no status effects
A: retaliatory headbutt, horns 2
a: Berserk, Trog's Hand, Renounce Religion, Evoke Flight


You were on level 6 of the Dungeon.
You worshipped Trog.
Trog was most pleased with you.
You were not hungry.

You visited 1 branch of the dungeon, and saw 6 of its levels.

You collected 278 gold pieces.

Inventory:

Hand Weapons
 t - a +1 war axe (weapon)
Armour
 p - a +0 pair of gloves (worn)
 v - a +0 chain mail (worn)
Jewellery
 o - a +5 ring of strength (left hand)
 q - a ring of flight (right hand)
Scrolls
 a - a scroll of teleportation
 b - a scroll of identify
 f - 2 scrolls of remove curse
 j - a scroll of enchant armour
 r - a scroll of fog
 s - a scroll of enchant weapon
Potions
 d - 2 potions of flight
 e - 3 potions of brilliance
 g - a potion of ambrosia
 h - 6 potions of curing
 i - a potion of haste
 k - 2 potions of magic
 l - a potion of degeneration
 n - a potion of agility
 u - a potion of heal wounds
 w - a potion of cancellation {unknown}
 x - a potion of invisibility {unknown}
Comestibles
 c - 10 rations
 m - 6 chunks of flesh


   Skills:
 - Level 5.1 Fighting
 + Level 10.9 Axes
 - Level 3.4 Armour
 - Level 3.1 Dodging
 - Level 0.5 Stealth


You had 7 spell levels left.
You didn't know any spells.
Your spell library was empty.

Dungeon Overview and Level Annotations

Branches:
Dungeon (6/15)             Temple (0/1) D:6

Altars:
Cheibriados
Elyvilon
Fedhas
Gozag
Okawaru
Qazlal
Ru
Vehumet
Wu Jian
Xom
The Shining One

Shops:
D:5 :

Annotations:
D:5 2 transporters


Innate Abilities, Weirdness & Mutations

You reflexively headbutt those who attack you in melee.
You have a pair of horns on your head.


Message History

The ogre hits you but does no damage. The ogre closely misses you.
You slash the ogre!
The ogre is heavily wounded.
You hit the ogre. You hit the giant cockroach.
The giant cockroach closely misses you.
You hit the ogre. You headbutt the ogre.
The ogre is almost dead.
You hit the giant cockroach.
You kill the giant cockroach!
Trog accepts your kill.
You slash the ogre!
The ogre hits you with a giant spiked club!!
* * * LOW HITPOINT WARNING * * *
The ogre hits you with a giant spiked club!!
* * * LOW HITPOINT WARNING * * *
Found a ration.
Okay, then.
Okay, then.
The ogre hits you with a giant spiked club!!
You die...

#########..###
###.###.# #..#
#.......
#############...
##....... #...
##.......[. ###.
##....[..... ##
##........... #
##............ #
#.@O.)........
#..O..........
###.......8..8..
#.'.......?##%.
#.'......†.#
#.#.......8..8.
#.#(............
#.#.............
#.##............
#


You could see 2 ogres.

Vanquished Creatures
  An ice beast (D:6)
  3 sky beasts
  2 ogres
  2 bullfrogs (D:6)
  A crimson imp (D:5)
  A bullfrog zombie (D:5)
  2 orc priests (D:6)
  2 orc wizards (D:4)
  3 iguanas
  2 worker ants
  A hound skeleton (D:6)
  8 adders
  A worm (D:3)
  An adder skeleton (D:4)
  A dart slug (D:1)
  3 leopard geckos
  23 orcs
  2 ball pythons
  10 bats
  6 giant cockroaches
  9 goblins
  6 hobgoblins
  6 jackals
  4 kobolds
  3 quokkas
  6 frilled lizards
  A jackal skeleton (D:4)
  5 rats
115 creatures vanquished.

Notes
Turn   | Place    | Note
-------+----------+-------------------------------------------
     0 | D:1      | Mirvelgyr the Minotaur Berserker began the quest for the Orb.
     0 | D:1      | Reached XP level 1. HP: 19/19 MP: 0/0
   124 | D:1      | Found a shimmering altar of Xom.
   141 | D:1      | Reached XP level 2. HP: 23/27 MP: 1/1
   263 | D:1      | Reached skill level 4 in Axes
   649 | D:1      | You fall through a shaft!
   680 | D:2      | Noticed a sky beast
   686 | D:2      | Reached XP level 3. HP: 32/34 MP: 2/2
   698 | D:2      | Killed a sky beast
   698 | D:2      | Reached skill level 5 in Axes
   698 | D:2      | Reached XP level 4. HP: 7/41 MP: 3/3
  1217 | D:2      | Reached ** piety under Trog
  1248 | D:2      | Reached XP level 5. HP: 44/47 MP: 4/4
  1375 | D:2      | Reached skill level 5 in Fighting
  1963 | D:3      | Found a glowing golden altar of the Shining One.
  2430 | D:4      | Reached skill level 6 in Axes
  2431 | D:4      | Reached XP level 6. HP: 35/56 MP: 5/5
  2432 | D:4      | Reached *** piety under Trog
  2712 | D:4      | Reached skill level 7 in Axes
  3282 | D:5      | Entered Level 5 of the Dungeon
  3377 | D:5      | Noticed a sky beast
  3388 | D:5      | Killed a sky beast
  3388 | D:5      | Reached skill level 8 in Axes
  3388 | D:5      | Reached XP level 7. HP: 26/61 MP: 6/6
  3639 | D:5      | Found Dal Tir's Book Boutique.
  3780 | D:5      | Found an opulent altar of Gozag.
  3784 | D:5      | Found an ornate altar of the Wu Jian Council.
  3785 | D:5      | Found a sacrificial altar of Ru.
  3785 | D:5      | Found a snail-covered altar of Cheibriados.
  3785 | D:5      | Found a stormy altar of Qazlal.
  3786 | D:5      | Found a white marble altar of Elyvilon.
  3788 | D:5      | Found a glowing golden altar of the Shining One.
  3789 | D:5      | Found a blossoming altar of Fedhas.
  3790 | D:5      | Found a radiant altar of Vehumet.
  3877 | D:5      | Found a transporter.
  3916 | D:5      | Found a transporter.
  3999 | D:5      | Found a shimmering altar of Xom.
  4213 | D:6      | Found a staircase to the Ecumenical Temple.
  4265 | D:6      | Reached skill level 9 in Axes
  4307 | D:6      | Found an iron altar of Okawaru.
  4328 | D:6      | Reached skill level 10 in Axes
  4473 | D:6      | Reached XP level 8. HP: 68/68 MP: 7/7
  4689 | D:6      | HP: 1/68 [ogre/giant spiked club (19)]
  4693 | D:6      | Demolished by an ogre

Vault maps used:
D:1:      elethiomel_arrival_shortcut, minmay_misc_feat_room, roderic_lattice_a,
          xom_teletrap_fun
D:3:      first_ration, tso_metal_star
D:4:      grunt_ministairs_12, minmay_misc_feat_hallway,
          wad_floor_pattern_untrapped
D:5:      gammafunk_wand_slinger, kennysheep_mini_moat, minitemple,
          serial_shops, kennysheep_mini
D:6:      kennysheep_big_flooded_room, minmay_temple_entry_crystal_x,
          st_stairs_12, dk_vineyard_3, grunt_decor_resistance,
          okawaru_metal_pillars_1_2

Skill      XL: |  1  2  3  4  5  6  7 |
---------------+----------------------+-----
Fighting       | 4 5 |  5.1
Axes           | 4 5 6 8 10 | 10.9
Armour         | 3 |  3.4
Dodging        | 3 |  3.1
Stealth        | |  0.5

Action                   |  1- 3 |  4- 6 |  7- 9 || total
-------------------------+-------+-------+-------++-------
Melee: Hand axe          |    49 |    74 |       ||   123
       Headbutt          |     7 |    23 |     6 ||    36
       War axe           |       |    49 |    47 ||    96
Invok: Berserk           |     1 |       |     1 ||     2
       Trog's Hand       |       |       |     1 ||     1
  Use: Scroll            |     2 |    13 |     2 ||    17
  Eat: Chunk             |       |     9 |     5 ||    14
Armor: Leather armour    |     4 |       |       ||     4
       Ring mail         |    10 |    44 |       ||    54
       Chain mail        |       |     5 |    21 ||    26
Dodge: Dodged            |    32 |    81 |    25 ||   138

Table legend:
 A = Spawn XP
 B = Non-spawn XP
 C = Spawn XP percentage of total XP
 D = Spawn monster count
 E = Non-spawn monster count
 F = Spawn count percentage of total count
 G = Total turns spent on level
                    A         B        C        D         E        F      G
               +---------+---------+-------+---------+---------+-------+---------
         Total |       0 |    1674 |   0.0 |       0 |     115 |   0.0 |  4693
               +---------+---------+-------+---------+---------+-------+---------
           D:1 |       0 |      33 |   0.0 |       0 |      19 |   0.0 |   955
           D:2 |       0 |     203 |   0.0 |       0 |      21 |   0.0 |   620
           D:3 |       0 |      57 |   0.0 |       0 |      20 |   0.0 |   640
           D:4 |       0 |     283 |   0.0 |       0 |      24 |   0.0 |  1067
           D:5 |       0 |     307 |   0.0 |       0 |       8 |   0.0 |   931
           D:6 |       0 |     791 |   0.0 |       0 |      23 |   0.0 |   480
               +---------+---------+-------+---------+---------+-------+---------
